 Dungeon Crawl Stone Soup version 0.23.2-1-ga50397a6bc (webtiles) character file.

Game seed: 11997752570716940478

664 Mrkan the Ruffian (level 7, -3/66 HPs)
             Began as a Troll Monk on May 25, 2019.
             Was a Priest of Zin.
             Slain by a gnoll
             ... wielding a +0 halberd
              (12 damage)
             ... on level 4 of the Dungeon.
             The game lasted 00:06:11 (2297 turns).

Mrkan the Ruffian (Troll Monk)                      Turns: 2297, Time: 00:06:13

Health: -3/66      AC:  6    Str: 20    XL:     7   Next: 31%
Magic:  8/8        EV: 10    Int:  6    God:    Zin [***...]
Gold:   99         SH:  0    Dex: 14    Spells: 6/6 levels left

rFire    . . .     SeeInvis .     - Unarmed
rCold    . . .     Gourm    +   (no shield)
rNeg     . . .     Faith    .   m - +0 robe (curse)
rPois    .         Spirit   .   (helmet restricted)
rElec    .         Reflect  .   (no cloak)
rCorr    .         Harm     .   (gloves unavailable)
MR       .....                  (boots unavailable)
Stlth    +.........             (no amulet)
HPRegen  0.61/turn              (no ring)
MPRegen  0.11/turn              (no ring)

@: glowing
A: large, unfitting armour, claws 3, fast metabolism 3, gourmand, regeneration
1, shaggy fur 1, tough skin 3
a: Recite, Vitalisation, Imprison, Donate Gold, Renounce Religion


You were on level 4 of the Dungeon.
You worshipped Zin.
Zin was most pleased with you.
You were very full.

You visited 1 branch of the dungeon, and saw 4 of its levels.

You collected 110 gold pieces.
You donated 11 gold pieces to Zin.

Inventory:

Hand Weapons
 r - a +1 whip of freezing
Missiles
 d - 116 stones (quivered)
 s - 5 tomahawks
Armour
 a - a +0 robe
 m - a cursed +0 robe (worn)
Scrolls
 c - 2 scrolls of remove curse {unknown}
 f - a scroll of amnesia {unknown}
 g - 3 scrolls of blinking {unknown}
 i - 6 scrolls of identify {unknown}
 j - 3 scrolls of enchant armour {unknown}
 k - 2 scrolls of teleportation {unknown}
 l - a scroll of enchant weapon {unknown}
 n - 3 scrolls of noise {unknown}
 p - a scroll of immolation {unknown}
 y - a scroll of random uselessness {unknown}
Potions
 e - a potion of agility {unknown}
 h - a potion of resistance {unknown}
 o - 2 potions of brilliance {unknown}
 q - a potion of flight {unknown}
 t - 2 potions of degeneration {unknown}
 u - a potion of heal wounds {unknown}
 v - 2 potions of might {unknown}
 w - a potion of mutation {unknown}
 x - a potion of curing {unknown}
 z - a potion of lignification {unknown}
Comestibles
 b - 9 rations


   Skills:
 - Level 2.4 Fighting
 - Level 2.4 Dodging
 - Level 1.0 Stealth
 * Level 7.4 Unarmed Combat
 + Level 3.7 Invocations


You had 6 spell levels left.
You didn't know any spells.
Your spell library was empty.

Dungeon Overview and Level Annotations

Branches:
Dungeon (4/15)
 Temple: D:4-7

Altars:
Fedhas
Ru
Zin


Innate Abilities, Weirdness & Mutations

You are too large for most types of armour.
You have claws for hands.
Your metabolism is lightning-fast.
You like to eat raw meat.
Your natural rate of healing is unusually fast.
You are covered in fur. (AC +1)
You have extremely tough skin. (AC +3)


Message History

The gnoll is confused by your recitation.
The gnoll shouts!
The gnoll stops glowing.
The gnoll closely misses you. The gnoll barely misses you.
The kobold barely misses you.
You scratch the gnoll. Your claw misses the gnoll.
The gnoll is moderately wounded.
The gnoll barely misses you. The gnoll misses you. The kobold misses you.
You scratch the gnoll but do no damage.
The gnoll is moderately wounded. "...and again, and again!"
You finish reciting Ablutions 14:49.
The gnoll hits you with a +0 flail. The gnoll hits you with a +0 halberd.
As you open the door, it creaks loudly!
The walls and floor vibrate strangely for a moment.
You hear a shout!
The kobold barely misses you.
The gnoll hits you from afar with a +0 halberd!
* * * LOW HITPOINT WARNING * * *
The gnoll hits you from afar with a +0 halberd!
You die...

##<#.#..........##
......##..#..
###.##........##
.##.. #......
#############
....###..... ###.#
##..## ######## #.##
#..#.
#...%..###..####.#.
#....!(.##.........
#...g....'.##....##
#.@Kg...)'..#...[##
#'#.g.†))(........#
#.#(...g##.#.....##
#.#....####........
.#########........#
# ######...#.....#
##......###...... .
#....#...........
..##....##...####...


You could see 4 gnolls and a kobold (dazed).

Vanquished Creatures
  An ogre (D:4)
  A howler monkey (D:4)
  2 orc wizards (D:3)
  A gnoll shaman (D:4)
  2 orc priests (D:3)
  Jessica (D:3)
  A centaur skeleton (D:4)
  2 iguanas (D:4)
  A worker ant (D:4)
  A hound skeleton (D:4)
  11 gnolls
  5 adders
  3 oozes
  2 adder skeletons (D:4)
  2 worms
  2 dart slugs
  A leopard gecko (D:4)
  10 orcs
  2 bats
  3 giant cockroaches
  4 goblins
  5 hobgoblins
  7 jackals
  A quokka (D:3)
  2 ball pythons
  3 frilled lizards
  13 kobolds
  6 rats
95 creatures vanquished.

Vanquished Creatures (others)
  7 toadstools (D:4)
7 creatures vanquished.

Grand Total: 102 creatures vanquished

Notes
Turn   | Place    | Note
-------+----------+-------------------------------------------
     0 | D:1      | Mrkan the Troll Monk began the quest for the Orb.
     0 | D:1      | Reached XP level 1. HP: 22/22 MP: 0/0
   133 | D:1      | Reached XP level 2. HP: 27/29 MP: 1/1
   587 | D:2      | Found a blossoming altar of Fedhas.
   589 | D:2      | Found a glowing silver altar of Zin.
   611 | D:2      | Reached skill level 4 in Unarmed Combat
   616 | D:2      | Became a worshipper of Zin the Law-Giver
   616 | D:2      | Reached * piety under Zin
   616 | D:2      | Reached ** piety under Zin
   706 | D:2      | Reached XP level 3. HP: 34/36 MP: 2/2
   872 | D:2      | Reached skill level 1 in Invocations
   919 | D:2      | Reached XP level 4. HP: 25/44 MP: 3/3
  1160 | D:3      | Reached skill level 5 in Unarmed Combat
  1167 | D:3      | Reached XP level 5. HP: 39/50 MP: 5/5
  1225 | D:3      | Found a sacrificial altar of Ru.
  1272 | D:3      | Noticed Jessica
  1283 | D:3      | Killed Jessica
  1354 | D:3      | Reached skill level 6 in Unarmed Combat
  1354 | D:3      | Reached XP level 6. HP: 48/59 MP: 6/6
  1938 | D:4      | Reached skill level 7 in Unarmed Combat
  1938 | D:4      | Reached XP level 7. HP: 64/66 MP: 8/8
  2091 | D:4      | Reached *** piety under Zin
  2297 | D:4      | Slain by a gnoll

Skill      XL: |  1  2  3  4  5  6 |
---------------+-------------------+-----
Unarmed Combat | 4 5 6 7 |  7.4
Invocations    | 1 2 3 |  3.7
Fighting       | |  2.4
Dodging        | |  2.4
Stealth        | |  1.0

Action                   |  1- 3 |  4- 6 |  7- 9 || total
-------------------------+-------+-------+-------++-------
Melee: Unarmed           |    80 |   135 |    37 ||   252
       Punch             |     2 |     3 |     1 ||     6
Invok: Recite            |       |     2 |     2 ||     4
 Stab: Sleeping          |     1 |       |     1 ||     2
  Eat: Chunk             |     9 |    13 |     4 ||    26
Armor: Robe              |    30 |    46 |    11 ||    87
Dodge: Dodged            |    50 |    72 |    37 ||   159
